[ AOE2 MATCH · #505904790 ]
UnrankedMongols vs Malay
Player's team · WIN
Rival team · LOSS
[ REPLAY ANALYSIS · EXTRACTED FROM THE RECORDED GAME ]
Feudal
9:07
Castle
24:12
Imperial
43:36
| APM avg | 57.6 |
| APM peak | 87 |
| eAPM avg | 25.1 |
| Villagers / military | 108 / 86 |
Focus
⚔️ 32.3% · 🌾 67.7%
Cavalry Archer ×24 · Steppe Lancer ×12 · Archer ×11 · Scout Cavalry ×10 · Monk ×9 · Battering Ram ×6
Feudal
9:17
Castle
23:41
Imperial
42:28
| APM avg | 25.3 |
| APM peak | 62 |
| eAPM avg | 17.2 |
| Villagers / military | 101 / 48 |
Focus
⚔️ 33.0% · 🌾 67.0%
Karambit Warrior ×19 · Spearman ×10 · Monk ×6 · Knight ×6 · Mangonel ×5 · Battle Elephant ×2
Match map
Initial resources + every placement click. Lines = walls · curves = elevation contours. ◆ gold · ⬟ stone · ● berries · ✦ relic · ◌ wall gap
Your base· Open — unwalled flank
NPG | R4GN4R_'s base· Open — 5t gap
Smoothed initial terrain · ◌ = detected wall gap · hover for details
Inputs per minute
— Cronos - - NPG | R4GN4R_
Build order — Cronos
First 150 of 328 actions detected
| 0:02 | Queue | Villager (Male) |
| 0:02 | Build | House |
| 0:04 | Build | House |
| 0:16 | Queue | Villager (Male) |
| 0:16 | Queue | Villager (Male) |
| 0:17 | Queue | Villager (Male) |
| 0:17 | Queue | Villager (Male) |
| 1:24 | Queue | Villager (Male) |
| 1:24 | Queue | Villager (Male) |
| 1:47 | Build | Lumber Camp |
| 1:59 | Queue | Villager (Male) |
| 1:59 | Queue | Villager (Male) |
| 2:17 | Queue | Villager (Male) |
| 2:18 | Queue | Villager (Male) |
| 2:49 | Queue | Villager (Male) |
| 3:17 | Queue | Villager (Male) |
| 3:17 | Queue | Villager (Male) |
| 3:26 | Build | House |
| 3:40 | Queue | Villager (Male) |
| 3:41 | Queue | Villager (Male) |
| 4:10 | Research | Loom |
| 5:00 | Queue | Villager (Male) |
| 5:29 | Queue | Villager (Male) |
| 5:52 | Queue | Villager (Male) |
| 5:58 | Build | Barracks |
| 6:18 | Queue | Villager (Male) |
| 6:58 | Research | Feudal Age |
| 6:58 | Research | Feudal Age |
| 7:49 | Build | Mining Camp |
| 7:52 | Queue | Militia |
| 8:17 | Build | House |
| 8:17 | Queue | Villager (Male) |
| 8:18 | Queue | Militia |
| 8:38 | Build | House |
| 8:43 | Queue | Militia |
| 9:07 | Age | Feudal Age |
| 9:12 | Research | Man-at-Arms (upgrade) |
| 9:12 | Research | Man-at-Arms (upgrade) |
| 9:38 | Build | Archery Range |
| 9:40 | Queue | Villager (Male) |
| 10:07 | Queue | Villager (Male) |
| 10:18 | Queue | Villager (Male) |
| 10:39 | Build | Lumber Camp |
| 10:52 | Build | House |
| 10:52 | Build | Palisade Wall |
| 12:03 | Queue | Archer |
| 12:03 | Queue | Archer |
| 12:05 | Build | Mill |
| 12:17 | Queue | Archer |
| 12:18 | Queue | Archer |
| 12:18 | Queue | Archer |
| 12:39 | Build | Blacksmith |
| 12:41 | Build | Farm |
| 12:41 | Build | Farm |
| 12:42 | Build | Farm |
| 12:42 | Build | Farm |
| 12:42 | Build | Farm |
| 13:17 | Build | Farm |
| 13:20 | Build | Farm |
| 13:30 | Build | Farm |
| 13:35 | Build | Farm |
| 13:42 | Queue | Villager (Male) |
| 14:14 | Queue | Villager (Male) |
| 14:17 | Build | Farm |
| 14:33 | Build | House |
| 14:34 | Build | Palisade Wall |
| 14:42 | Queue | Villager (Male) |
| 14:45 | Build | Farm |
| 14:54 | Queue | Villager (Male) |
| 14:57 | Queue | Archer |
| 14:57 | Queue | Archer |
| 15:21 | Build | Farm |
| 15:29 | Research | Fletching |
| 15:30 | Research | Fletching |
| 15:43 | Queue | Villager (Male) |
| 15:46 | Build | Farm |
| 15:58 | Build | Farm |
| 16:07 | Queue | Villager (Male) |
| 16:13 | Build | House |
| 16:31 | Queue | Villager (Male) |
| 16:37 | Queue | Villager (Male) |
| 16:48 | Build | Watch Tower |
| 16:59 | Queue | Villager (Male) |
| 17:29 | Queue | Villager (Male) |
| 17:34 | Queue | Villager (Male) |
| 17:44 | Queue | Villager (Male) |
| 17:58 | Build | House |
| 18:05 | Queue | Archer |
| 18:05 | Queue | Archer |
| 18:08 | Queue | Villager (Male) |
| 18:32 | Build | Market |
| 18:35 | Queue | Villager (Male) |
| 19:07 | Queue | Villager (Male) |
| 19:14 | Queue | Archer |
| 19:21 | Build | House |
| 19:34 | Build | Farm |
| 19:35 | Build | Farm |
| 19:49 | Build | House |
| 19:52 | Queue | Archer |
| 20:33 | Queue | Villager (Male) |
| 20:33 | Queue | Villager (Male) |
| 21:32 | Research | Castle Age |
| 21:32 | Research | Castle Age |
| 21:48 | Queue | Villager (Male) |
| 21:52 | Build | Farm |
| 21:52 | Build | Farm |
| 21:57 | Research | Horse Collar |
| 22:35 | Queue | Villager (Male) |
| 22:46 | Queue | Villager (Male) |
| 23:14 | Build | House |
| 23:18 | Research | Scale Barding Armor |
| 23:18 | Research | Scale Barding Armor |
| 23:44 | Queue | Villager (Male) |
| 23:49 | Build | House |
| 23:52 | Queue | Villager (Male) |
| 24:12 | Age | Castle Age |
| 24:17 | Build | Stable |
| 24:23 | Build | Siege Workshop |
| 24:24 | Queue | Villager (Male) |
| 24:30 | Research | Town Watch |
| 24:30 | Research | Town Watch |
| 24:32 | Queue | Villager (Male) |
| 24:38 | Build | House |
| 24:39 | Build | House |
| 24:41 | Queue | Villager (Male) |
| 24:43 | Build | House |
| 24:44 | Build | House |
| 24:46 | Build | Palisade Wall |
| 24:49 | Queue | Villager (Male) |
| 25:14 | Queue | Camel Scout |
| 25:15 | Queue | Mangonel |
| 25:22 | Build | Monastery |
| 25:23 | Queue | Villager (Male) |
| 25:26 | Queue | Villager (Male) |
| 25:32 | Research | Gold Mining |
| 25:32 | Research | Gold Mining |
| 25:33 | Queue | Villager (Male) |
| 25:56 | Queue | Camel Scout |
| 26:02 | Queue | Villager (Male) |
| 26:13 | Queue | Monk |
| 26:13 | Queue | Monk |
| 26:13 | Queue | Monk |
| 26:22 | Queue | Camel Scout |
| 26:25 | Build | House |
| 26:28 | Queue | Villager (Male) |
| 26:44 | Queue | Camel Scout |
| 26:45 | Queue | Villager (Male) |
| 26:59 | Build | House |
| 27:10 | Queue | Mangonel |
| 27:10 | Queue | Mangonel |
Build order — NPG | R4GN4R_
First 150 of 281 actions detected
| 0:00 | Queue | Villager (Male) |
| 0:01 | Queue | Villager (Male) |
| 0:02 | Build | House |
| 0:03 | Build | House |
| 0:10 | Queue | Villager (Male) |
| 0:10 | Queue | Villager (Male) |
| 1:31 | Queue | Villager (Male) |
| 1:48 | Build | Lumber Camp |
| 2:05 | Queue | Villager (Male) |
| 2:14 | Queue | Villager (Male) |
| 2:47 | Queue | Villager (Male) |
| 3:01 | Build | House |
| 3:06 | Queue | Villager (Male) |
| 3:45 | Queue | Villager (Male) |
| 3:45 | Queue | Villager (Male) |
| 3:45 | Queue | Villager (Male) |
| 5:03 | Queue | Villager (Male) |
| 5:03 | Queue | Villager (Male) |
| 5:33 | Build | Mill |
| 5:48 | Queue | Villager (Male) |
| 5:51 | Queue | Villager (Male) |
| 6:22 | Build | Farm |
| 6:30 | Queue | Villager (Male) |
| 7:05 | Queue | Villager (Male) |
| 7:08 | Research | Loom |
| 7:31 | Build | Mining Camp |
| 7:52 | Research | Feudal Age |
| 9:00 | Build | House |
| 9:04 | Queue | Villager (Male) |
| 9:17 | Age | Feudal Age |
| 9:20 | Build | Watch Tower |
| 9:22 | Build | Palisade Wall |
| 9:24 | Build | Palisade Wall |
| 9:26 | Build | Palisade Wall |
| 9:27 | Build | Palisade Wall |
| 9:29 | Build | Palisade Wall |
| 9:30 | Build | Palisade Wall |
| 9:40 | Build | Palisade Wall |
| 9:51 | Queue | Villager (Male) |
| 9:55 | Build | Palisade Wall |
| 9:56 | Build | Palisade Wall |
| 10:00 | Build | Palisade Wall |
| 10:02 | Build | Palisade Wall |
| 10:02 | Build | Palisade Wall |
| 10:11 | Queue | Villager (Male) |
| 10:23 | Build | Watch Tower |
| 10:31 | Build | House |
| 10:34 | Build | Palisade Wall |
| 10:36 | Queue | Villager (Male) |
| 10:43 | Research | Town Watch |
| 10:45 | Build | Farm |
| 10:48 | Build | Farm |
| 10:56 | Build | Blacksmith |
| 11:03 | Build | Outpost |
| 11:04 | Queue | Villager (Male) |
| 11:24 | Build | Outpost |
| 11:34 | Queue | Villager (Male) |
| 11:47 | Build | House |
| 12:06 | Queue | Villager (Male) |
| 12:24 | Build | Mining Camp |
| 12:33 | Queue | Villager (Male) |
| 12:46 | Build | Mill |
| 13:12 | Build | Farm |
| 13:20 | Build | Watch Tower |
| 13:23 | Queue | Villager (Male) |
| 13:36 | Build | Farm |
| 13:40 | Queue | Villager (Male) |
| 13:47 | Build | Palisade Wall |
| 13:49 | Build | Palisade Wall |
| 14:05 | Queue | Villager (Male) |
| 14:10 | Build | House |
| 14:23 | Build | Palisade Wall |
| 14:28 | Build | Palisade Wall |
| 14:30 | Build | Palisade Wall |
| 14:30 | Build | Palisade Wall |
| 14:34 | Queue | Villager (Male) |
| 14:57 | Build | Outpost |
| 15:00 | Queue | Villager (Male) |
| 15:06 | Build | Outpost |
| 15:13 | Build | Outpost |
| 15:18 | Build | Outpost |
| 15:22 | Queue | Villager (Male) |
| 15:24 | Build | Outpost |
| 15:44 | Build | Market |
| 15:45 | Build | Palisade Wall |
| 15:48 | Queue | Villager (Male) |
| 15:53 | Research | Fletching |
| 16:17 | Queue | Villager (Male) |
| 16:21 | Build | Farm |
| 16:22 | Build | Farm |
| 16:38 | Build | Palisade Wall |
| 16:39 | Build | Palisade Wall |
| 16:40 | Build | Outpost |
| 16:45 | Build | Watch Tower |
| 16:53 | Queue | Villager (Male) |
| 17:07 | Build | House |
| 17:16 | Queue | Villager (Male) |
| 17:44 | Queue | Villager (Male) |
| 18:10 | Queue | Villager (Male) |
| 19:02 | Build | Watch Tower |
| 19:08 | Queue | Villager (Male) |
| 19:22 | Build | Farm |
| 19:30 | Queue | Villager (Male) |
| 20:11 | Research | Wheelbarrow |
| 20:48 | Build | Farm |
| 20:51 | Build | Farm |
| 21:07 | Build | Palisade Wall |
| 21:08 | Build | Palisade Wall |
| 21:09 | Build | Palisade Wall |
| 21:09 | Build | Palisade Wall |
| 21:14 | Build | Palisade Wall |
| 21:31 | Queue | Villager (Male) |
| 22:05 | Research | Castle Age |
| 22:15 | Build | Barracks |
| 22:53 | Build | Barracks |
| 23:15 | Queue | Villager (Male) |
| 23:40 | Build | Farm |
| 23:41 | Age | Castle Age |
| 23:42 | Build | Farm |
| 23:47 | Build | Stable |
| 23:52 | Queue | Villager (Male) |
| 24:02 | Build | Town Center |
| 24:24 | Queue | Battle Elephant |
| 24:24 | Queue | Battle Elephant |
| 24:28 | Queue | Knight |
| 24:36 | Queue | Villager (Male) |
| 24:39 | Queue | Villager (Male) |
| 25:00 | Build | House |
| 25:02 | Build | House |
| 25:03 | Build | House |
| 25:04 | Build | House |
| 25:05 | Build | House |
| 25:11 | Queue | Villager (Male) |
| 25:13 | Queue | Villager (Male) |
| 25:13 | Queue | Villager (Male) |
| 25:29 | Build | Outpost |
| 25:47 | Queue | Villager (Male) |
| 25:52 | Build | Monastery |
| 26:13 | Queue | Villager (Male) |
| 26:20 | Queue | Knight |
| 26:24 | Queue | Monk |
| 26:28 | Build | Farm |
| 26:30 | Build | Farm |
| 26:33 | Build | Farm |
| 26:55 | Queue | Villager (Male) |
| 26:57 | Queue | Villager (Male) |
| 27:15 | Build | Mining Camp |
| 27:22 | Queue | Knight |
| 27:30 | Build | Siege Workshop |
| 27:33 | Build | Lumber Camp |
Match timeline
| 5:58 | Cronos · first_building Barracks |
| 9:07 | Cronos · age_up feudal |
| 9:17 | NPG | R4GN4R_ · age_up feudal |
| 9:22 | NPG | R4GN4R_ · wall_segment Palisade Wall x1 |
| 9:24 | NPG | R4GN4R_ · wall_segment Palisade Wall x1 |
| 9:26 | NPG | R4GN4R_ · wall_segment Palisade Wall x1 |
| 9:27 | NPG | R4GN4R_ · wall_segment Palisade Wall x1 |
| 9:29 | NPG | R4GN4R_ · wall_segment Palisade Wall x1 |
| 9:30 | NPG | R4GN4R_ · wall_segment Palisade Wall x1 |
| 9:38 | Cronos · first_building Archery Range |
| 9:40 | NPG | R4GN4R_ · wall_segment Palisade Wall x1 |
| 9:55 | NPG | R4GN4R_ · wall_segment Palisade Wall x1 |
| 9:56 | NPG | R4GN4R_ · wall_segment Palisade Wall x1 |
| 10:00 | NPG | R4GN4R_ · wall_segment Palisade Wall x1 |
| 10:02 | NPG | R4GN4R_ · wall_segment Palisade Wall x1 |
| 10:02 | NPG | R4GN4R_ · wall_segment Palisade Wall x1 |
| 10:34 | NPG | R4GN4R_ · wall_segment Palisade Wall x9 |
| 10:52 | Cronos · wall_segment Palisade Wall x4 |
| 13:47 | NPG | R4GN4R_ · wall_segment Palisade Wall x1 |
| 13:49 | NPG | R4GN4R_ · wall_segment Palisade Wall x1 |
| 14:23 | NPG | R4GN4R_ · wall_segment Palisade Wall x1 |
| 14:28 | NPG | R4GN4R_ · wall_segment Palisade Wall x1 |
| 14:30 | NPG | R4GN4R_ · wall_segment Palisade Wall x1 |
| 14:30 | NPG | R4GN4R_ · wall_segment Palisade Wall x1 |
| 14:34 | Cronos · wall_segment Palisade Wall x9 |
| 15:45 | NPG | R4GN4R_ · wall_segment Palisade Wall x1 |
| 16:38 | NPG | R4GN4R_ · wall_segment Palisade Wall x1 |
| 16:39 | NPG | R4GN4R_ · wall_segment Palisade Wall x1 |
| 18:56 | NPG | R4GN4R_ · first_market_buy 100 stone |
| 20:28 | Cronos · first_market_sell 100 wood |
| 20:29 | Cronos · first_market_buy 100 food |
| 21:07 | NPG | R4GN4R_ · wall_segment Palisade Wall x1 |
| 21:08 | NPG | R4GN4R_ · wall_segment Palisade Wall x1 |
| 21:09 | NPG | R4GN4R_ · wall_segment Palisade Wall x1 |
| 21:09 | NPG | R4GN4R_ · wall_segment Palisade Wall x1 |
| 21:14 | NPG | R4GN4R_ · wall_segment Palisade Wall x1 |
| 21:35 | NPG | R4GN4R_ · first_market_sell 100 wood |
| 22:15 | NPG | R4GN4R_ · first_building Barracks |
| 23:41 | NPG | R4GN4R_ · age_up castle |
| 23:47 | NPG | R4GN4R_ · first_building Stable |
| 24:12 | Cronos · age_up castle |
| 24:17 | Cronos · first_building Stable |
| 24:23 | Cronos · first_building Siege Workshop |
| 24:46 | Cronos · wall_segment Palisade Wall x1 |
| 25:22 | Cronos · first_building Monastery |
| 25:52 | NPG | R4GN4R_ · first_building Monastery |
| 27:30 | NPG | R4GN4R_ · first_building Siege Workshop |
| 36:09 | NPG | R4GN4R_ · first_building Castle |
| 39:05 | NPG | R4GN4R_ · wall_segment Stone Wall x1 |
| 40:13 | NPG | R4GN4R_ · wall_segment Stone Wall x1 |
| 42:28 | NPG | R4GN4R_ · age_up imperial |
| 43:36 | Cronos · age_up imperial |
| 46:59 | NPG | R4GN4R_ · resign |
[ AI ANALYSIS · 1 CREDIT ]
What really happened in this match?
Wolo.gg analyzes every decision: build order, eco, micro, common mistakes by bracket. Personalized analysis on WhatsApp or Discord in 30 seconds.
Civ guide
Mongols
Perfil
Jugador #2540215